cohdb
Replays
Latest Replays
All Replays
Popular Replays
Top Player Replays
Match Explorer
How It Works
Community
CoH3 Stats
Reddit
Sign in to upload your games and track your stats! →
Sign in with Steam
Match 25716761
Unlisted
Match 25716761
Overview
Messages
Build Orders
End
Engineer Squad
Construct Weapon Support Center
Sniper
Bazooka Squad
Infantry Support Center
M3 Armored Personnel Carrier
Mortar Pit
M1919 Machine Gun Team
Bazooka Squad
Selects Advanced Infantry Battlegroup
Selects Convert to Ranger Squad
Selects Designate Assault Position
Scout Squad
Advanced Logistics
Survival Training
Improved M9 Bazooka Rockets
Selects Ammunition Storage
Selects Infantry Assault
Infantry Assault
Construct Tank Depot
Designate Assault Position
ChuaMC
후암후암
TidaL
Toast
kilroy3128
CNigel
德意志第三军团
Happy Se Hyeon
0
0
Comments
sign in to comment!
No comments posted yet!